 Dungeon Crawl Stone Soup version 0.30-a0-1116-gebefce21f7 (webtiles) character file.

Game seed: 9156702965188242822

88 holysushi the Cutter (level 4, -4/35 HPs)
             Began as a Demonspawn Monk on Apr 21, 2023.
             Was a Believer of Ru.
             Slain by a gnoll
             ... wielding a +0 club
              (6 damage)
             ... on level 3 of the Dungeon.
             The game lasted 00:02:46 (1829 turns).

holysushi the Cutter (Demonspawn Monk)              Turns: 1829, Time: 00:02:47

Health: -4/35      AC:  3    Str: 11    XL:     4   Next: 29%
Magic:  4/4        EV: 13    Int: 11    God:    Ru [**....]
Gold:   85         SH:  5    Dex: 18    Spells: 1/3 levels left

rFire   x . .      SeeInvis .    l - +2 dagger (venom)
rCold   x . .      Faith    .    d - orb {light}
rNeg    + . .      Spirit   .    b - +0 robe
rPois   .          Reflect  +    (no helmet)
rElec   .          Rampage  .    (no cloak)
rCorr   .                        k - +0 pair of gloves
Will    +....                    (no boots)
Stlth   +                        i - amulet of reflection
HPRegen 0.25/turn                o - ring of willpower
MPRegen 0.09/turn                n - ring of positive energy

@: glowing
A: temperature sensitive, weakness stinger 1
a: Renounce Religion


You were on level 3 of the Dungeon.
You worshipped Ru.
Ru was pleased with you.
You visited 1 branch of the dungeon, and saw 3 of its levels.

You collected 197 gold pieces.
You spent 112 gold pieces at shops.

Inventory:

Hand Weapons
 a - a +0 short sword
 l - a +2 dagger of venom (weapon)
Armour
 b - a +0 robe (worn)
 d - an orb of light (worn)
 k - a +0 pair of gloves (worn)
Jewellery
 i - an amulet of reflection (around neck)
 n - a ring of positive energy (right hand)
 o - a ring of willpower (left hand)
Scrolls
 f - 2 scrolls of torment {unknown}
 h - a scroll of amnesia {unknown}
 m - a scroll of noise {unknown}
 p - 2 scrolls of identify {unknown}
 s - 2 scrolls of blinking {unknown}
Potions
 c - a potion of ambrosia
 e - 3 potions of curing {unknown}
 g - 2 potions of flight {unknown}
 j - 3 potions of heal wounds {unknown}
 q - a potion of haste {unknown}
 r - a potion of invisibility
 t - a potion of might {unknown}


   Skills:
 - Level 3.0 Fighting
 + Level 4.7 Short Blades
 - Level 2.6 Dodging


You had one spell level left.
You knew the following spells:

 Your Spells              Type           Power      Damage    Failure   Level
a - Blink                 Tloc           0%         N/A       47%         2

Your spell library contained the following spells:

 Spells                   Type           Power      Damage    Failure   Level
 Lesser Beckoning         Tloc           0%         N/A       47%         2
 Sublimation of Blood     Necr           0%         N/A       47%         2
 Wereblood                Tmut           0%         N/A       47%         2
 Gell's Gravitas          Tloc           0%         N/A       71%         3
 Teleport Other           Tloc           0%         N/A       71%         3
 Manifold Assault         Tloc           0%         N/A       98%         4
 Storm Form               Tmut/Air       0%         N/A       100%        7
 Summon Hydra             Summ           0%         N/A       100%        7


Dungeon Overview and Level Annotations

Branches:
Dungeon (3/15) Zot: 16196

Altars:
Ashenzari
Ru

Shops:
D:2 !


Innate Abilities, Weirdness & Mutations

You are sensitive to extremes of temperature. (rF-, rC-)
You have a small tail.


Message History

You hit the gnoll.
The gnoll is poisoned.
The gnoll is moderately wounded.
You block the gnoll's attack.
You hit the gnoll.
The gnoll looks as sick as possible!
You tail-slap the gnoll.
The gnoll is severely wounded.
You barely miss the gnoll.
The gnoll is severely wounded.
The gnoll closely misses you. You block the gnoll's attack.
The gnoll closely misses you.
You kill the gnoll!
The gnoll attacks as you move away! You block the gnoll's attack.
You hit the gnoll.
The gnoll is poisoned.
The gnoll is lightly wounded.
You block the gnoll's attack.
You hit the gnoll but do no damage.
The gnoll looks as sick as possible!
The gnoll is lightly wounded.
You block the gnoll's attack.
You hit the gnoll.
The gnoll is moderately wounded.
The gnoll hits you with a +0 flail!
You hit the gnoll.
The gnoll is heavily wounded.
You kill the gnoll!
The gnoll hits you with a +0 club! The gnoll barely misses you.
Things that are here:
a +0 flail; a gnoll corpse You hit the gnoll.
You tail-slap the gnoll, but do no damage.
The gnoll is lightly wounded.
The gnoll hits you with a +0 club!
* * * LOW HITPOINT WARNING * * *
The gnoll hits you from afar with a +0 spear.
* * * LOW HITPOINT WARNING * * *
You focus your inner power and blind the gnoll in retribution!
You hit the gnoll.
The gnoll is poisoned.
You tail-slap the gnoll, but do no damage.
The gnoll is moderately wounded.
The gnoll hits you with a +0 club.
You die...

#.# #.# #.# #.#
# #.# #. #.#
#g### #.# #g.)#
#.###########.#
#........@gg..#
###############


You could see 2 gnolls.

Vanquished Creatures
  2 gnolls (D:3)
  6 worms (D:3)
  4 dart slugs (D:1)
  2 orcs (D:3)
  3 bats
  4 endoplasms
  A giant cockroach (D:2)
  3 goblins (D:1)
  4 hobgoblins
  2 quokkas
  2 ball pythons
  2 frilled lizards
  3 kobolds
  4 rats
42 creatures vanquished.

Vanquished Creatures (others)
  A kobold (D:3)
1 creature vanquished.

Grand Total: 43 creatures vanquished

Notes
Turn   | Place    | Note
-------+----------+-------------------------------------------
     0 | D:1      | holysushi the Demonspawn Monk began the quest for the Orb.
     0 | D:1      | Reached XP level 1. HP: 18/18 MP: 1/1
    50 | D:1      | Reached skill level 3 in Short Blades
   133 | D:1      | Gained mutation: You have a small tail. [demonic ancestry]
   133 | D:1      | Reached XP level 2. HP: 19/24 MP: 2/2
   912 | D:2      | Reached XP level 3. HP: 26/29 MP: 3/3
   982 | D:2      | Found a faded altar of an unknown god.
  1074 | D:2      | Prayed at the altar of an unknown god.
  1074 | D:2      | Became a worshipper of Ru the Awakened
  1079 | D:2      | Gained mutation: You are sensitive to extremes of
                  | temperature. (rF-, rC-) [Ru sacrifice]
  1079 | D:2      | Reached * piety under Ru
  1079 | D:2      | Reached ** piety under Ru
  1189 | D:2      | Found Ruca's Distillery.
  1192 | D:2      | Bought a potion of invisibility for 112 gold pieces
  1203 | D:2      | Reached skill level 4 in Short Blades
  1266 | D:2      | Found a broken altar of Ashenzari.
  1661 | D:3      | Reached XP level 4. HP: 32/35 MP: 4/4
  1664 | D:3      | Learned a level 2 spell: Blink
  1829 | D:3      | Slain by a gnoll

Illustrated notes

Levels and vault maps discovered:
D:1:      dpeg_arrival_pond, layout_basic, minmay_misc_feat_five
D:2:      layout_rooms, basic_altar, ebering_ecumenical_altar_mist,
          serial_glass, glass_columns_a, glass_columns_b, serial_shops,
          nicolae_shop_tiny_real_fake_doors
D:3:      layout_basic, nicolae_wormholes

Skill      XL: |  1  2  3 |
---------------+----------+-----
Short Blades   | 3 4 |  4.7
Fighting       | |  3.0
Dodging        | |  2.6

Action                     |  1- 3 |  4- 6 || total
---------------------------+-------+-------++-------
  Melee: Short sword       |    42 |       ||    42
         Dagger            |    74 |     9 ||    83
         Tailslap          |    19 |     3 ||    22
 Invoke: Sacrifice Resista |     1 |       ||     1
 Armour: Robe              |    14 |       ||    14
  Dodge: Dodged            |    38 |     3 ||    41
  Block: Orb               |     5 |     5 ||    10

Table legend: (Time is in decaauts)
 A = Elapsed time spent in this place.
 B = Non-inter-level travel time spent in this place.
 C = Inter-level travel time spent in this place.
 D = Time resting spent in this place.
 E = Time spent auto-exploring this place.
 F = Levels seen in this place.
 G = Mean time per level.
                   A        B        C        D        E       F      G
               +--------+--------+--------+--------+--------+-----+--------+
         Total |   1803 |   1617 |    186 |     57 |   1209 |   3 |  601.0 |
       Dungeon |   1803 |   1617 |    186 |     57 |   1209 |   3 |  601.0 |
               +--------+--------+--------+--------+--------+-----+--------+

Top non-repeatable levels by time:
     D:1: 867 daAuts
     D:2: 575 daAuts
     D:3: 360 daAuts
